 Dungeon Crawl Stone Soup version 0.28-a0-1412-gf95308ed99 (webtiles) character file.

Game seed: 13036690389575326251

6365 siradein the Ducker (level 11, -8/78 HPs)
             Began as a Djinni Gladiator on Jan 7, 2022.
             Was a Believer of Makhleb.
             Mangled by a boulder beetle (23 damage)
             ... on level 9 of the Dungeon.
             The game lasted 00:25:36 (12516 turns).

siradein the Ducker (Djinni Gladiator)             Turns: 12516, Time: 00:25:36

Health: -8/78      AC: 12    Str: 23    XL:     11   Next: 17%
Gold:   349        EV: 20    Int:  9    God:    Makhleb [**....] SH:  0 Dex: 16

rFire   + + .      SeeInvis .   E - +4 trident of Laown {flame, Fly rPois Str+4}
rCold   . . .      Faith    .   (no shield)
rNeg    . . .      Spirit   .   J - +3 troll leather armour
rPois   ∞          Reflect  .   c - +0 helmet
rElec   .          Harm     .   h - +0 cloak
rCorr   .          Rampage  .   u - +0 pair of gloves
Will    +....                   (boots unavailable)
Stlth   +.........              I - amulet of regeneration
HPRegen 1.83/turn               t - ring of protection from cold
MPRegen 0.00/turn               K - ring of Attitude {EV+4 Str+2}

@: flying
A: sickness immunity, fire resistance 2, cold vulnerability 1, float, innate
caster, hp casting, extra vitality 1
a: Renounce Religion, Minor Destruction


You were on level 9 of the Dungeon.
You worshipped Makhleb.
Makhleb was pleased with you.
You visited 2 branches of the dungeon, and saw 10 of its levels.

You collected 489 gold pieces.
You spent 140 gold pieces at shops.

Inventory:

Hand Weapons
 y - a +0 great sword
 E - the +4 trident of Laown (weapon) {flame, Fly rPois Str+4}
   (You found it on level 7 of the Dungeon)

   It burns those it strikes, dealing additional fire damage.
   Str:       It affects your strength (+4).
   rPois:     It protects you from poison.
   Fly:       It grants you flight.
 F - a +1 long sword
Missiles
 d - 3 throwing nets
 l - 23 poisoned darts
Armour
 c - a +0 helmet (worn)
 h - a +0 cloak (worn)
 u - a +0 pair of gloves (worn)
 J - a +3 troll leather armour (worn)
Jewellery
 t - a ring of protection from cold (left hand)
 A - a +4 ring of protection
 B - a ring of protection from fire
 D - a ring of ice
 I - an amulet of regeneration (around neck)
 K - the ring of Attitude (right hand) {EV+4 Str+2}
   (You found it on level 9 of the Dungeon)

   [ring of evasion]

   EV:        It affects your evasion (+4).
   Str:       It affects your strength (+2).
Wands
 a - a wand of paralysis (12)
 g - a wand of digging (5)
 C - a wand of polymorph (9)
 H - a wand of mindburst (12)
 L - a wand of iceblast (4)
Scrolls
 e - 2 scrolls of amnesia {unknown}
 j - 2 scrolls of enchant weapon {unknown}
 k - 3 scrolls of vulnerability
 n - a scroll of silence {unknown}
 o - 3 scrolls of identify {unknown}
 q - a scroll of immolation {unknown}
 v - a scroll of summoning {unknown}
 w - 2 scrolls of magic mapping {unknown}
 G - a scroll of blinking {unknown}
Potions
 b - 2 potions of attraction {unknown}
 f - 3 potions of lignification {unknown}
 i - a potion of berserk rage {unknown}
 m - 6 potions of curing
 p - a potion of might {unknown}
 r - 3 potions of resistance {unknown}
 s - a potion of mutation {unknown}
 x - 2 potions of degeneration {unknown}
 z - a potion of flight {unknown}


   Skills:
 + Level 6.8 Fighting
 + Level 6.6 Long Blades
 + Level 5.7 Throwing
 + Level 6.4 Armour
 + Level 7.8 Dodging
 + Level 4.8 Spellcasting
 + Level 1.3 Invocations
 + Level 1.2 Evocations


You had 6 spell levels left.
You knew the following spells:

 Your Spells              Type           Power      Damage    Failure   Level
a - Magic Dart            Conj           40%        1d5       3%          1
b - Static Discharge      Conj/Air       10%        N/A       6%          2
c - Teleport Other        Tloc           10%        N/A       12%         3
d - Call Canine Familiar  Summ           10%        N/A       12%         3
e - Summon Ice Beast      Ice/Summ       10%        N/A       36%         4
Your spell library was empty.

Dungeon Overview and Level Annotations

Branches:
Dungeon (9/15)             Temple (1/1) D:4            Lair (0/6) D:8
    Orc: D:9-12

Altars:
Ashenzari
Cheibriados
Dithmenos
Elyvilon
Fedhas
Gozag
Hepliaklqana
Kikubaaqudgha
Makhleb
Nemelex Xobeh
Okawaru
Qazlal
Ru
Sif Muna
Trog
Uskayaw
Vehumet
Wu Jian
Yredelemnul
Zin
The Shining One

Shops:
D:7 [


Innate Abilities, Weirdness & Mutations

You are immune to sickness and miasma.
You are immune to poison.
Your flesh is very heat resistant. (rF++)
You are vulnerable to cold. (rC-)
You float through the air rather than walking.
You learn spells naturally, not from books.
Your magical power is your life essence.
You have superior vitality. (+4 MHP)


Message History

The boulder beetle is moderately wounded.
Your hound bites the boulder beetle but does no damage.
The boulder beetle bites you!!
Your hound bites the boulder beetle.
The boulder beetle barely misses you.
You puncture the boulder beetle! You burn the boulder beetle.
The boulder beetle is moderately wounded.
Your hound bites the boulder beetle.
Your hound bites the boulder beetle but does no damage.
The boulder beetle bites you!
You hit the boulder beetle but do no damage.
The boulder beetle is moderately wounded.
Your hound bites the boulder beetle but does no damage.
Your hound bites the boulder beetle.
The boulder beetle bites you!!
You are too injured to fight recklessly!
You are too injured to fight recklessly!
You are too injured to fight recklessly!
Your hound bites the boulder beetle but does no damage.
The boulder beetle curls into a ball and begins rolling!
Your hound bites the boulder beetle but does no damage.
Your hound bites the boulder beetle but does no damage.
The boulder beetle hits your hound!
The boulder beetle stops rolling and uncurls.
Your hound bites the boulder beetle but does no damage.
The boulder beetle curls into a ball and begins rolling!
Your hound bites the boulder beetle but does no damage.
Your hound bites the boulder beetle but does no damage. x2
The boulder beetle hits you!
The boulder beetle stops rolling and uncurls.
You puncture the boulder beetle! You burn the boulder beetle.
The boulder beetle is heavily wounded.
Your hound bites the boulder beetle but does no damage.
The boulder beetle bites you!
* * * LOW HITPOINT WARNING * * *
You hit the boulder beetle but do no damage.
The boulder beetle is heavily wounded.
Your hound bites the boulder beetle but does no damage.
The boulder beetle completely misses you.
Your hound bites the boulder beetle but does no damage.
Your hound bites the boulder beetle.
The boulder beetle bites you!!
You die...

################################
...........<...<..#.............
..................#.............
..................#.............
.................(#.............
................@.#.............
................B.#.............
####...)######...h#..°##########
...#.........#.....°h......#.....
...#.........#.............#.....
...#.........#.............#.....
...#.........#.............#.....
...#.........#.............#.....
...#.........#.............#.....


You could see a boulder beetle (ally target) and a friendly hound (summoned).

Vanquished Creatures
  Harold (D:9)
  A kobold demonologist (D:9)
  A troll (D:9)
  Sigmund (D:6)
  5 yaks
  A basilisk (D:8)
  2 wyverns
  A water moccasin (D:6)
  3 ice beasts
  4 orc warriors
  4 black bears
  3 necrophages
  3 centaurs
  A phantom (D:5)
  A kobold brigand (D:8)
  3 scorpions
  8 bullfrogs
  2 wyvern skeletons (D:7)
  2 water moccasin skeletons
  4 wights (D:8)
  4 howler monkeys
  3 centaur zombies
  A bullfrog zombie (D:5)
  3 hounds
  2 orc priests
  Crazy Yiuf (D:2)
  A centaur skeleton (D:4)
  6 iguanas
  5 orc wizards
  A killer bee zombie (D:7)
  A hound skeleton (D:5)
  A howler monkey zombie (D:9)
  A howler monkey skeleton (D:7)
  9 gnolls
  5 adders
  A shadow imp (D:7)
  An ufetubus (D:6)
  3 adder skeletons (D:4)
  2 worms
  5 dart slugs
  26 orcs
  9 ball pythons
  4 endoplasms
  2 giant cockroaches
  7 goblins
  5 hobgoblins
  6 jackals
  4 quokkas
  6 bats
  4 frilled lizards
  11 kobolds
  5 rats
  A spectral orc (D:8)
197 creatures vanquished.

Vanquished Creatures (others)
  A fungus (D:8)
  2 plants (D:4)
3 creatures vanquished.

Grand Total: 200 creatures vanquished

Notes
Turn   | Place    | Note
-------+----------+-------------------------------------------
     0 | D:1      | siradein the Djinni Gladiator began the quest for the Orb.
     0 | D:1      | Reached XP level 1. HP: 18/18 MP: 0/0
   207 | D:1      | Reached XP level 2. HP: 23/23 MP: 0/0
   558 | D:1      | Found a faded altar of an unknown god.
   660 | D:1      | Reached XP level 3. HP: 28/28 MP: 0/0
   660 | D:1      | Learned a level 1 spell: Magic Dart
  1352 | D:1      | Reached skill level 1 in Armour
  1773 | D:2      | Reached XP level 4. HP: 32/34 MP: 0/0
  1943 | D:2      | Reached skill level 1 in Spellcasting
  2223 | D:2      | Reached XP level 5. HP: 32/39 MP: 0/0
  2223 | D:2      | Learned a level 2 spell: Static Discharge
  2526 | D:2      | Found a runed translucent door.
  2527 | D:2      | Noticed Crazy Yiuf
  2750 | D:3      | Noticed a necrophage
  2762 | D:3      | Killed a necrophage
  2763 | D:3      | Reached skill level 4 in Dodging
  2763 | D:3      | Reached XP level 6. HP: 41/45 MP: 0/0
  3865 | D:4      | Found a staircase to the Ecumenical Temple.
  3951 | Temple   | Entered the Ecumenical Temple
  4075 | Temple   | Became a worshipper of Makhleb the Destroyer
  4352 | D:4      | Reached XP level 7. HP: 49/50 MP: 0/0
  4352 | D:4      | Learned a level 3 spell: Teleport Other
  4565 | D:4      | Found a hide-covered altar of Uskayaw.
  4659 | D:4      | Found an ornate altar of the Wu Jian Council.
  4834 | D:5      | Entered Level 5 of the Dungeon
  5527 | D:5      | Reached XP level 8. HP: 54/58 MP: 0/0
  5706 | D:5      | Reached * piety under Makhleb
  5836 | D:5      | Reached skill level 5 in Dodging
  6110 | D:2      | Killed Crazy Yiuf
  6268 | D:6      | Found an iron altar of Okawaru.
  7135 | D:6      | Reached XP level 9. HP: 53/63 MP: 0/0
  7135 | D:6      | Learned a level 3 spell: Call Canine Familiar
  7230 | D:6      | You are sucked into a shaft and drop 3 floors!
  7423 | D:7      | Reached skill level 5 in Long Blades
  7652 | D:7      | Reached skill level 5 in Fighting
  7652 | D:7      | Reached skill level 6 in Dodging
  7675 | D:7      | Found Oturaod's Antique Armour Boutique.
  7889 | D:6      | Reached skill level 5 in Armour
  8074 | D:6      | Reached XP level 10. HP: 53/71 MP: 0/0
  8278 | D:6      | Noticed Sigmund
  8284 | D:6      | Killed Sigmund
  8598 | D:7      | Bought a runed leather armour for 140 gold pieces
  9214 | D:7      | Reached skill level 5 in Throwing
  9214 | D:7      | Reached skill level 7 in Dodging
  9275 | D:7      | Identified the +4 trident of Laown {flame, Fly rPois Str+4}
  9421 | D:8      | Reached ** piety under Makhleb
  9726 | D:8      | Found a basalt altar of Yredelemnul.
 10026 | D:8      | Found a staircase to the Lair.
 12152 | D:9      | Identified the ring of Attitude {EV+4 Str+2}
 12294 | D:9      | Noticed Harold
 12320 | D:9      | Killed Harold
 12321 | D:9      | Reached skill level 1 in Invocations
 12321 | D:9      | Reached skill level 1 in Evocations
 12321 | D:9      | Reached XP level 11. HP: 64/78 MP: 0/0
 12321 | D:9      | Learned a level 4 spell: Summon Ice Beast
 12458 | D:9      | Noticed a sixfirhy
 12495 | D:9      | Noticed a boulder beetle
 12516 | D:9      | Mangled by a boulder beetle

Illustrated notes

Levels and vault maps discovered:
D:1:      tarquinn_simple_flora_water_e, layout_basic,
          shapermc_ecumenical_altar_gd, hangedman_decor_peaks_small,
          roderic_filled_cross, minmay_misc_feat_ornament
D:2:      layout_basic, uniq_crazy_yiuf_cottage
D:3:      cheibrodos_helix_gallery, layout_basic, kennysheep_path_1,
          chequers_avenue, solitary_fountain
D:4:      layout_loops_ring, pdpol_wu_jian_five_deadly_venoms,
          marbit_many_paths, minmay_temple_entry_slanted, saegor_snake_ambush
D:5:      layout_basic, dk_rats_in_the_wall
D:6:      cheibrodos_quashed, layout_basic, lemuel_round_altar, uniq_sigmund
D:7:      layout_basic, serial_shops, nicolae_shop_statue_plus
D:8:      layout_layer_cave, yredelemnul_forgotten_temple_becter,
          lemuel_crystal_altar, david_lair_generic, hangedman_decor_lopped
D:9:      layout_grid_maze, uniq_harold
Temple:   eino_temple_scatter_basement

Skill      XL: |  1  2  3  4  5  6  7  8  9 10 |
---------------+-------------------------------+-----
Long Blades    | 3 4 5 6 |  6.6
Armour         | 1 2 3 4 5 6 |  6.4
Throwing       | 2 3 4 5 |  5.7
Spellcasting   | 1 2 3 4 |  4.8
Dodging        | 4 5 6 7 |  7.8
Fighting       | 3 4 5 6 |  6.8
Invocations    | 1 |  1.3
Evocations     | 1 |  1.2

Action                   |  1- 3 |  4- 6 |  7- 9 | 10-12 || total
-------------------------+-------+-------+-------+-------++-------
Melee: Long sword        |   126 |   176 |    63 |       ||   365
       Punch             |     2 |     3 |     1 |     5 ||    11
       Great sword       |       |       |   190 |   108 ||   298
       Trident           |       |       |       |   207 ||   207
Throw: Dart              |       |       |       |     2 ||     2
 Cast: Call Canine Famil |       |       |       |     6 ||     6
Evoke: Wand              |       |       |       |     4 ||     4
  Use: Scroll            |       |       |       |     4 ||     4
       Potion            |       |       |       |     1 ||     1
Armor: Leather armour    |    12 |       |       |   137 ||   149
       Ring mail         |    75 |    70 |   173 |    14 ||   332
       Troll leather arm |       |       |       |    13 ||    13
Dodge: Dodged            |    91 |   113 |   279 |   295 ||   778

Table legend: (Time is in decaauts)
 A = Elapsed time spent in this place.
 B = Non-inter-level travel time spent in this place.
 C = Inter-level travel time spent in this place.
 D = Time resting spent in this place.
 E = Time spent auto-exploring this place.
 F = Levels seen in this place.
 G = Mean time per level.
                   A        B        C        D        E       F      G
               +--------+--------+--------+--------+--------+-----+--------+
         Total |  12816 |  12341 |    475 |   1479 |   8239 |  10 | 1281.6 |
       Dungeon |  12588 |  12122 |    466 |   1479 |   8053 |   9 | 1398.7 |
        Temple |    228 |    219 |      9 |      0 |    186 |   1 |  228.0 |
               +--------+--------+--------+--------+--------+-----+--------+

Top non-repeatable levels by time:
     D:7: 1971 daAuts
     D:5: 1912 daAuts
     D:1: 1680 daAuts
     D:6: 1676 daAuts
     D:8: 1545 daAuts
     D:2: 1160 daAuts
     D:4: 1035 daAuts
     D:3: 973 daAuts
     D:9: 633 daAuts
  Temple: 228 daAuts
